 Dungeon Crawl Stone Soup version 0.31.0-12-g77e489cdc1 (webtiles) character file.

Game seed: 12781561600292137643

163 Gadfly the Shooter (level 5, -1/52 HPs)
             Began as a Kobold Hunter on Feb 14, 2024.
             Slain by Duvessa
             ... wielding a +0 short sword
              (6 damage)
             ... on level 4 of the Dungeon.
             The game lasted 00:08:52 (3062 turns).

Gadfly the Shooter (Kobold Hunter)                  Turns: 3062, Time: 00:08:53

Health: -1/52      AC: 22    Str:  8    XL:     5   Next: 73%
Magic:  7/7        EV:  3    Int: 10    God:
Gold:   203        SH:  0    Dex: 27    Spells: 4/4 levels left

rFire   . . .        a - +0 shortbow
rCold   . . .        (shield currently unavailable)
rNeg    . . .        n - melded +1 leather armour {rC+}
rPois   +            (helmet currently unavailable)
rElec   .            h - melded +0 cloak
rCorr   .            p - melded +0 pair of gloves
SInv    .            (boots currently unavailable)
Will    .....        (no amulet)
Stlth   ++++         j - +6 ring of dexterity
HPRegen 0.28/turn    (no ring)
MPRegen 0.10/turn

%: no passive effects
@: tree-form, hasted, invisible, very quick
A: stationary, stasis, torment immunity, boosted hp, small, no large weapons,
nightstalker 3, robust 1
a: no special abilities


You were on level 4 of the Dungeon.
You were a tree.
You visited 1 branch of the dungeon, and saw 4 of its levels.

You collected 203 gold pieces.

Inventory:

Hand Weapons
 a - a +0 shortbow (weapon)
 b - a +0 whip of electrocution
 g - a +3 heavy quarterstaff
 l - a +1 flail of draining
Armour
 h - a +0 cloak (melded)
 n - a +1 leather armour of cold resistance (melded)
 p - a +0 pair of gloves (melded)
Jewellery
 j - a +6 ring of dexterity (left branch)
Scrolls
 c - a scroll of poison
 i - a scroll of butterflies
 o - a scroll of immolation
Potions
 f - a potion of might


   Skills:
 + Level 3.0 Fighting
 + Level 5.9 Ranged Weapons
 + Level 3.3 Dodging
 - Level 1.3 Stealth
 * Level 2.6 Invocations
 * Level 2.9 Evocations


You had 4 spell levels left.
You didn't know any spells.
Your spell library contained the following spells:

 Spells                   Type           Power      Damage    Failure   Level
 Sting                    Conj/Alch      0%         1d3       36%         1
 Call Imp                 Summ           0%         N/A       50%         2
 Mercury Vapours          Alch/Air       0%         N/A       50%         2
 Sublimation of Blood     Necr           0%         N/A       50%         2
 Olgreb's Toxic Radiance  Alch           0%         N/A       98%         4
 Summon Hydra             Summ           0%         N/A       100%        7


Dungeon Overview and Level Annotations

Branches:
Dungeon (4/15)
 Temple: D:4-7

Altars:
Ashenzari
Wu Jian
Zin
The Shining One

Annotations:
D:4 Dowan, Duvessa


Innate Abilities, Weirdness & Mutations

You are a tree.
Your roots penetrate the ground, keeping you stationary.
You cannot be teleported.
You are immune to unholy pain and torment.
Your maximum health is greatly increased.
Your equipment is partially melded.
You are small and have problems with some larger weapons.
You are completely attuned to the shadows.
You are robust. (+10% HP)


Message History

You are too injured to fight recklessly!
You are too injured to fight recklessly!
You are too injured to fight recklessly!
You are too injured to fight recklessly!
You are too injured to fight recklessly!
You are too injured to fight recklessly!
Unknown command.
Dowan says, "My weaknesses are her strengths!"
Dowan attacks as he pursues you! Dowan hits you but does no damage.
You aren't carrying any items that you can evoke.
Duvessa attacks as she pursues you! Duvessa hits you with a +0 short sword!
* * * LOW HITPOINT WARNING * * *
Found a stone staircase leading up.
It was a potion of haste.
You feel yourself speed up. Duvessa completely misses you.
Duvessa hits you with a +0 short sword.
* * * LOW HITPOINT WARNING * * *
It was a potion of mutation.
You feel extremely strange.
You feel robust. Duvessa completely misses you.
It was a potion of invisibility.
You fade into invisibility!
Duvessa barely misses you.
It was a potion of lignification.
You turn into a tree.
Your +0 cloak melds into your body.
Your +0 pair of gloves melds into your body.
Your +1 leather armour of cold resistance melds into your body.
You feel less resistant to cold.
Your roots penetrate the ground.
Duvessa barely misses you.
You shoot an arrow. The arrow barely misses Duvessa.
The arrow hits the iguana.
The iguana is lightly wounded.
Duvessa hits you but does no damage.
You shoot an arrow. The arrow hits Duvessa!
Duvessa is moderately wounded.
Duvessa barely misses you.
You shoot an arrow. The arrow closely misses Duvessa.
The arrow barely misses the iguana.
The arrow completely misses Dowan.
Duvessa hits you with a +0 short sword.
* * * LOW HITPOINT WARNING * * *
Duvessa hits you with a +0 short sword.
You die...

..## ##....#.....##
.(.####..##......###.$
...).............#....
.....#...##...........
.....†.##...#....#....
....#####.....†.e.....
..#.# ####.#.#l#....
.##.# #...#e#....
....# ##(.##♣#....
##### ###...##.#....
#....###.# #..### ...
#### ..<


You could see Duvessa (fast, unable to see you), Dowan (wandering, unable to see
you) and an iguana (wandering, unable to see you).

Vanquished Creatures
  Crazy Yiuf (D:2)
  A hound (D:4)
  A gnoll (D:1)
  4 adders
  A dart slug (D:1)
  2 ribbon worms
  An orc (D:3)
  2 bats (D:3)
  6 endoplasms
  5 goblins
  7 hobgoblins
  3 kobolds
  2 quokkas (D:3)
  7 ball pythons
  4 frilled lizards
  2 rats
49 creatures vanquished.

Notes
Turn   | Place    | Note
-------+----------+-------------------------------------------
     0 | D:1      | Gadfly the Kobold Hunter began the quest for the Orb.
     0 | D:1      | Reached XP level 1. HP: 12/12 MP: 1/1
   190 | D:1      | Reached XP level 2. HP: 18/18 MP: 2/2
   405 | D:1      | Reached skill level 1 in Evocations
   531 | D:1      | Reached skill level 1 in Invocations
   563 | D:1      | Reached XP level 3. HP: 13/22 MP: 3/3
  1172 | D:2      | Found a faded altar of an unknown god.
  1551 | D:2      | Found a runed translucent door.
  1554 | D:2      | Noticed Crazy Yiuf
  2082 | D:2      | Killed Crazy Yiuf
  2083 | D:2      | Reached XP level 4. HP: 10/27 MP: 5/5
  2502 | D:3      | Reached XP level 5. HP: 32/32 MP: 6/6
  2749 | D:3      | Found a glowing silver altar of Zin.
  2754 | D:3      | Found a glowing golden altar of the Shining One.
  2756 | D:3      | Found an ornate altar of the Wu Jian Council.
  2757 | D:3      | Found a broken altar of Ashenzari.
  2762 | D:3      | Found a faded altar of an unknown god.
  3047 | D:4      | Noticed Duvessa
  3047 | D:4      | Noticed Dowan
  3057 | D:4      | Gained mutation: You are robust. (+10% HP) [potion of
                  | mutation]
  3062 | D:4      | Slain by Duvessa

Illustrated notes

Levels and vault maps discovered:
D:1:      minmay_arrival_widening_spiral_wide, layout_basic
D:2:      wad_lake_hut, layout_rooms, shapermc_ecumenical_altar_ellora,
          guppyfry_early_lair_pool, uniq_crazy_yiuf_cottage
D:3:      layout_basic, chequers_temple_overflow_minitemple
D:4:      layout_rooms, uniq_duvessa

Skill      XL: |  1  2  3  4  5 |
---------------+----------------+-----
Evocations     | 1 2 |  2.9
Invocations    | 1 2 |  2.6
Dodging        | 3 |  3.3
Fighting       | 3 |  3.0
Ranged Weapons | |  5.9
Stealth        | |  1.3

Action                     |  1- 3 |  4- 6 || total
---------------------------+-------+-------++-------
  Melee: Whip              |     3 |       ||     3
   Fire: Shortbow          |    75 |    79 ||   154
    Use: Scroll            |     3 |     3 ||     6
         Potion            |     3 |     4 ||     7
 Armour: Leather armour    |     8 |    17 ||    25
         Skin              |       |     3 ||     3
  Dodge: Dodged            |    24 |    42 ||    66
